 Dungeon Crawl Stone Soup version 0.23-a0-396-g5214e5f (webtiles) character file.

7 corax the Sneak (level 1, -1/11 HPs)
             Began as a Spriggan Assassin on Nov 2, 2018.
             Slain by a goblin
             ... wielding a +0 dagger
              (4 damage)
             ... on level 1 of the Dungeon.
             The game lasted 00:01:00 (369 turns).

corax the Sneak (Spriggan Assassin)                  Turns: 369, Time: 00:01:01

Health: -1/11      AC:  3    Str:  7    XL:     1   Next: 91%
Magic:  2/2        EV: 17    Int: 12    God:
Gold:   30         SH:  0    Dex: 17    Spells: 0/0 levels left

rFire    . . .     SeeInvis +   a - +2 dagger
rCold    . . .     Gourm    .   (shield restricted)
rNeg     . . .     Faith    .   c - +0 robe
rPois    .         Spirit   .   (helmet restricted)
rElec    .         Reflect  .   d - +0 cloak
rCorr    .         Harm     .   (gloves unavailable)
MR       .....                  (boots unavailable)
Stlth    +++.......             (no amulet)
HPRegen  0.03/turn              (no ring)
MPRegen  0.08/turn              (no ring)

@: very quick
A: very small, unfitting armour, see invisible, herbivore, speed 3, slow
metabolism 2
a: no special abilities


You were on level 1 of the Dungeon.
You were not hungry.

You visited 1 branch of the dungeon, and saw 1 of its levels.

You collected 30 gold pieces.

Inventory:

Hand Weapons
 a - a +2 dagger (weapon)
 b - a +0 blowgun
Missiles
 e - 7 poisoned needles
 f - 2 curare-tipped needles
Armour
 c - a +0 robe (worn)
 d - a +0 cloak (worn)
Scrolls
 h - a scroll of fog {unknown}
Comestibles
 g - a ration


   Skills:
 + Level 1.7 Fighting
 + Level 2.3 Short Blades
 + Level 2.1 Throwing
 + Level 1.9 Dodging
 + Level 6.0 Stealth


You couldn't memorise any spells.
You didn't know any spells.
Your spell library was empty.

Dungeon Overview and Level Annotations

Branches:
Dungeon (1/15)

Altars:


Innate Abilities, Weirdness & Mutations

You are very small and have problems with some larger weapons.
You are too small for most types of armour.
You have supernaturally acute eyesight. (SInv)
You are a herbivore.
You cover ground extremely quickly.
You need to consume almost no food.


Message History

The leopard gecko is heavily wounded.
The leopard gecko bites you. The leopard gecko closely misses you.
You hit the leopard gecko.
The leopard gecko is severely wounded.
The leopard gecko closely misses you.
You hit the leopard gecko.
You kill the leopard gecko!
Your Stealth skill increases to level 6!
You closely miss the goblin. The goblin hits you with a +0 dagger.
* * * LOW HITPOINT WARNING * * *
You hit the goblin.
The goblin is severely wounded.
The goblin hits you but does no damage.
You closely miss the goblin.
The goblin is severely wounded.
The goblin closely misses you.
You hit the goblin but do no damage.
The goblin is severely wounded.
The goblin hits you with a +0 dagger.
You die...

#.....# #.## ####.....#
#.# ........# #.#
#......# #.# ###......#
.#.... #.#
#####........# .....
#.# .............#
#.... #.#
..#####...####.####....
#.##
...........g@..........
#...
#####.....####.####..##
#### ..........# #.#
#.# ........>## #.# #.#
.........# #.#####.#
......#### #.......#
...... #######.# .#
...... #.## .# ######
#..##.#


You could see a goblin.

Vanquished Creatures
  A leopard gecko (D:1)
  2 hobgoblins (D:1)
  2 bats (D:1)
  A goblin (D:1)
  A rat (D:1)
7 creatures vanquished.

Notes
Turn   | Place    | Note
-------+----------+-------------------------------------------
     0 | D:1      | corax the Spriggan Assassin began the quest for the Orb.
     0 | D:1      | Reached XP level 1. HP: 10/10 MP: 2/2
   365 | D:1      | Reached skill level 6 in Stealth
   369 | D:1      | Slain by a goblin

Vault maps used:
D:1:      minmay_arrival_widening_spiral_narrow, nrook_mini_backslash

Skill      XL: |  1 |
---------------+----+-----
Stealth        | 6 |  6.0
Fighting       | |  1.7
Short Blades   | |  2.3
Throwing       | |  2.1
Dodging        | |  1.9

Action                   || total
-------------------------++-------
Melee: Dagger            ||    21
 Fire: Blowgun           ||     6
 Stab: Sleeping          ||     1
Armor: Robe              ||     2
Dodge: Dodged            ||    18

Table legend:
 A = Non-vault XP
 B = Vault XP
 C = Vault XP percentage of total XP
 D = Non-vault monster count
 E = Vault monster count
 F = Vault count percentage of total count
                 A         B        C        D         E       F
            +---------+---------+-------+---------+---------+-------
      Total |      11 |       0 |   0.0 |       7 |       0 |   0.0
            +---------+---------+-------+---------+---------+-------
        D:1 |      11 |       0 |   0.0 |       7 |       0 |   0.0
            +---------+---------+-------+---------+---------+-------
